 Dungeon Crawl Stone Soup version 0.21.0-3-g78d12a8 (webtiles) character file.

458646 mortelune the Warrior (level 23, -12/213 HPs)
             Began as a Red Draconian Fire Elementalist on Jan 12, 2018.
             Was the Champion of Vehumet.
             Killed from afar by an Ice Fiend (43 damage)
             ... with a bolt of cold
             ... summoned by an ancient lich
             ... on level 4 of the Depths.
             The game lasted 05:24:35 (105051 turns).

mortelune the Warrior (DrFE)                      Turns: 105051, Time: 05:24:36

Health: -12/213    AC: 21    Str: 18    XL:     23   Next: 32%
Magic:  2/43       EV: 17    Int: 28    God:    Vehumet [******]
Gold:   4876       SH: 16    Dex:  9    Spells: 3/55 levels left

rFire    + + .     SeeInvis +   a - +10 morningstar "Hisaos" {crush, rElec Str-2 Int+4 Dex+6}
rCold    . . .     Gourm    +   O - +3 shield
rNeg     . . .     Faith    .   (armour unavailable)
rPois    +         Spirit   .   U - +2 hat {Int+3}
rElec    +         Reflect  .   u - +2 cloak {MR+}
rCorr    +         Harm     .   S - +2 pair of gloves of Birdsong {rF+}
MR       ++...                  C - +1 pair of boots of Card Tricks {+Inv rPois rCorr Dex-4}
Stlth    +.........             y - amulet of the gourmand
HPRegen  0.45/turn              Q - ring of wizardry
MPRegen  0.28/turn              g - ring "Xeupsez" {Str+4 Dex-4 SInv}

@: very slightly contaminated, slowed, heavily drained, very slow
A: breathe fire, unfitting armour, fire resistance 1, cold-blooded, AC +11
}: 2/15 runes: decaying, serpentine
a: Breathe Fire, Renounce Religion, Evoke Invisibility


You were on level 4 of the Depths.
You worshipped Vehumet.
Vehumet was exalted by your worship.
You were very full.

You visited 9 branches of the dungeon, and saw 43 of its levels.
You visited 1 bazaar.
You also visited: Bailey and Ice Cave.

You collected 7548 gold pieces.
You spent 2672 gold pieces at shops.

Inventory:

Hand Weapons
 a - the +10 morningstar "Hisaos" (weapon) {crush, rElec Str-2 Int+4 Dex+6}
   (You found it on level 6 of the Lair of Beasts)

   It inflicts extra damage upon your enemies.
   It affects your strength (-2).
   It affects your intelligence (+4).
   It affects your dexterity (+6).
   It insulates you from electricity.
Armour
 u - a +2 cloak of magic resistance (worn)
 C - the +1 pair of boots of Card Tricks (worn) {+Inv rPois rCorr Dex-4}
   (You bought it in a shop on level 2 of the Orcish Mines)

   It affects your dexterity (-4).
   It protects you from poison.
   It lets you turn invisible.
   It protects you from acid and corrosion.
 O - a +3 shield (worn)
 R - a scarf of resistance
 S - the +2 pair of gloves of Birdsong (worn) {rF+}
   (You bought it in a shop on level 2 of the Orcish Mines)

   It protects you from fire.
 U - a +2 hat of intelligence (worn)
Magical Staves
 b - an uncursed staff of energy
Jewellery
 g - the ring "Xeupsez" (right hand) {Str+4 Dex-4 SInv}
   (You took it off a boggart on level 4 of the Depths)

   [ring of see invisible]

   It affects your strength (+4).
   It affects your dexterity (-4).
   It lets you see invisible.
 v - the ring of Puras {rF+ Stlth+}
   (You acquired it on level 1 of the Elven Halls)

   [ring of stealth]

   It protects you from fire.
   It makes you more stealthy.
 y - an amulet of the gourmand (around neck)
 F - a +5 ring of intelligence
 I - a +4 amulet of reflection
 Q - a ring of wizardry (left hand)
 T - an uncursed ring of protection from magic
Wands
 H - a wand of clouds (5)
 J - a wand of digging (40)
 M - a wand of paralysis (46)
 N - a wand of iceblast (71)
 X - a wand of acid (36)
Scrolls
 e - a scroll of silence
 i - 9 scrolls of fear
 k - 10 scrolls of magic mapping
 m - a scroll of blinking
 n - 5 scrolls of teleportation
 p - 19 scrolls of remove curse
 s - 4 scrolls of enchant weapon
 t - 3 scrolls of immolation
 w - 3 scrolls of amnesia
 E - 4 scrolls of brand weapon
 G - 5 scrolls of enchant armour
 K - 8 scrolls of fog
 P - 9 scrolls of identify
 Y - a scroll of holy word
Potions
 c - a potion of heal wounds
 d - 3 potions of invisibility
 f - 2 potions of flight
 h - 21 potions of curing
 j - 4 potions of cancellation
 l - 9 potions of haste
 o - 4 potions of brilliance
 r - 3 potions of might
 z - 3 potions of magic
 A - 2 potions of ambrosia
 B - 6 potions of agility
 D - 2 potions of resistance
 V - 5 potions of mutation
 Z - a potion of berserk rage
Books
 x - Geadwyr's Collected Works on Excruciating Displacement
   (You found it on level 2 of the Depths)

   Spells                             Type                      Level
   a - Mephitic Cloud                 Conjuration/Poison/Air       3
   b - Gell's Gravitas                Translocation                3
   c - Iskenderun's Mystic Blast      Conjuration                  4
   d - Bolt of Magma                  Conjuration/Fire/Earth       5
   e - Bolt of Draining               Conjuration/Necromancy       5
 L - the Collected Works on Poison
   (You found it on level 3 of the Depths)

   Spells                             Type                      Level
   a - Sting                          Conjuration/Poison           1
   b - Ignite Poison                  Fire/Transmutation/Poison    3
   c - Spider Form                    Transmutation/Poison         3
   d - Olgreb's Toxic Radiance        Poison                       4
   e - Venom Bolt                     Conjuration/Poison           5
Comestibles
 W - 25 rations


   Skills:
 + Level 19.4(17.7) Fighting
 - Level 1.1(0.0) Maces & Flails
 + Level 11.8(10.4) Dodging
 - Level 1.7(0.6) Stealth
 - Level 16.6(14.9) Shields
 + Level 16.6(15.0) Spellcasting
 + Level 17.7(16.0) Conjurations
 - Level 9.9(8.5) Summonings
 - Level 3.0(1.8) Translocations
 + Level 16.8(15.2) Fire Magic
 + Level 11.5(10.1) Air Magic


You had 3 spell levels left.
You knew the following spells:

 Your Spells              Type           Power        Failure   Level  Hunger
a - Flame Tongue          Conj/Fire      #####        0%          1    None
b - Iron Shot             Conj/Erth      ######....   1%          6    ####...
c - Conjure Flame         Conj/Fire      #######.     0%          3    None
d - Sticky Flame          Conj/Fire      #######.     1%          4    None
e - Fireball              Conj/Fire      #######...   1%          5    None
f - Blink                 Tloc           N/A          1%          2    None
g - Spellforged Servitor  Conj/Summ      ######....   1%          7    #####..
h - Chain Lightning       Conj/Air       #######...   8%          8    #######
i - Summon Lightning Spi  Summ/Air       ######..     1%          4    None
q - Conjure Ball Lightni  Conj/Air       #######...   1%          6    ####...
z - Bolt of Fire          Conj/Fire      #######...   1%          6    ####...


Dungeon Overview and Level Annotations

Branches:
Dungeon (15/15)            Temple (1/1) D:7            Lair (6/6) D:8
  Swamp (4/4) Lair:4        Snake (4/4) Lair:2        Slime (0/5) Lair:6
    Orc (2/2) D:11            Elf (3/3) Orc:2        Vaults (4/5) D:13
  Crypt (0/3) Vaults:2     Depths (4/5) D:15

Altars:
Ashenzari
Cheibriados
Dithmenos
Elyvilon
Fedhas
Gozag
Hepliaklqana
Kikubaaqudgha
Makhleb
Nemelex Xobeh
Okawaru
Qazlal
Ru
Sif Muna
Trog
Uskayaw
Vehumet
Wu Jian
Xom
Yredelemnul
Zin
The Shining One
Beogh

Shops:
D:5 !   D:6 (   D:7 %   D:8 %   D:9 %   D:11 (   Orc:2 [(?*   Elf:3 ?
Vaults:4 ?

Portals:
Hell: Depths:1 Depths:2 Depths:3 Depths:4
Abyss: Depths:4
Pandemonium: Depths:3

Annotations:
Lair:1 exclusion: oklob plant
Orc:2 revenir orc 1 vien protege!


Innate Abilities, Weirdness & Mutations

You can breathe blasts of fire.
Your fiery red scales are hard. (AC +11)
You cannot fit into any form of body armour.
Your flesh is heat resistant. (rF+)
You are cold-blooded and may be slowed by cold attacks.


Message History

Confirm with . or Enter, or press ? or * to list all spells.
You miscast Blink.
You are very lightly contaminated with residual magic.
You feel a wrenching sensation. The ancient lich barely misses you.
The ancient lich completely misses you.
Casting: Blink
Confirm with . or Enter, or press ? or * to list all spells.
You blink.
The ancient lich gestures wildly while chanting.
You feel much better.
Blink to where?
Press: ? - help, Dir - move target cursor
As you read the scroll of blinking, it crumbles to dust.
The Ice Fiend calls on the powers of darkness!
Your body is wracked with pain!
* * * LOW HITPOINT WARNING * * *
The Ice Fiend gestures at you.
The bolt of cold hits the ancient lich.
The ancient lich resists.
The bolt of cold hits you!
You die...

##...###...###...###...#
#.........#............##
#...#....#.......#....#..#
#....#....#.......#....#..#
#.....#....#.......#.......##
..#..#..####.#..[..##.......#
. #.
#....[...#.#[.[.....#..## ..
#.#...#...[(.[#.....#...#
.#.....#)@[<[#.)........
#.....#..^L.1........##
.#.....#(<.>.#.....#...##.
#.#...#.#((.#.#...#.#>....
#........#.#.(..[...#...∩.
#..####.#.....####..#§§...
.#....#....).(#....#>.⌠..#
#......[.§..)#....#....#.
..#....#...(...#....#Q#.#..


You could see an ancient lich (invisible) and an Ice Fiend.

Vanquished Creatures
  Bai Suzhen (Snake:4)
  A caustic shrike (Depths:3)
  3 golden dragons
  Nikola (Snake:1)
  A lich (Depths:4)
  A tentacled monstrosity (Depths:4)
  Rupert (Snake:1)
  2 deep elf blademasters (Elf:3)
  2 deep elf master archers (Elf:3)
  3 sphinxes
  Frances (D:13)
  A titan (Depths:3)
  A shadow dragon (Depths:4)
  A tengu reaver (Depths:4)
  2 storm dragons
  3 fire giants
  The ghost of p0werm0de the Severer, a journeyman DDFi of Makhleb (Snake:3)
  7 nagarajas (Snake:4)
  3 vault wardens
  A draconian monk (Depths:4)
  9 frost giants
  A ghost moth (shapeshifter) (Depths:4)
  10 deep elf sorcerers
  Aizul (Snake:1)
  The ghost of p0werm0de the Severer, a journeyman DDFi of Makhleb (Snake:2)
  7 deep elf elementalists
  4 very ugly things
  10 ironheart preservers
  4 entropy weavers
  8 stone giants
  Nessos (D:13)
  8 deep elf annihilators
  4 vampire knights
  4 deep elf demonologists
  8 spark wasps
  8 ettins
  13 ogre magi
  4 deep elf high priests (Elf:3)
  A deep elf death mage (Vaults:3)
  5 fire dragons
  7 great orbs of eyes
  11 naga warriors
  11 yaktaur captains
  19 hydras
  2 vault guards
  2 ghost crabs
  A catoblepas (shapeshifter) (Vaults:3)
  7 ice dragons
  Erolcha (D:9)
  16 anacondas
  6 rakshasas
  3 spriggan air magi
  39 two-headed ogres
  A catoblepas (Lair:6)
  11 centaur warriors
  29 dancing weapons
  13 alligators
  6 deep troll shamans
  A tengu warrior (Swamp:2)
  A two-headed ogre (shapeshifter) (Depths:4)
  An orc high priest (Orc:1)
  4 vampire magi
  3 death yaks (Lair:6)
  A death knight (Vaults:1)
  3 spriggan berserkers
  Urug (D:13)
  5 deep troll earth magi
  24 deep elf knights
  7 hell knights
  8 naga sharpshooters
  9 shock serpents
  Sonja (Lair:3)
  3 salamander mystics
  2 shadow wraiths
  3 unseen horrors
  2 skeletal warriors
  3 spriggan druids
  A death drake (Depths:3)
  11 sea snakes
  16 swamp dragons
  6 glowing orange brains
  7 wizards
  A flayed ghost (Depths:3)
  5 deep trolls
  15 deep elf archers
  8 naga ritualists
  14 orc knights
  3 shambling mangroves (Swamp:4)
  A phantasmal warrior (Vaults:2)
  5 necromancers
  10 ironbrand convokers
  4 lindwurms
  49 deep elf magi
  3 harpies (Vaults:2)
  A mana viper (shapeshifter) (Depths:4)
  2 orb spiders (shapeshifter)
  3 wolf spiders
  12 mana vipers
  17 ugly things
  6 cyclopes
  3 orc sorcerers
  2 salamanders (shapeshifter)
  4 manticores
  3 centaur zombies
  An elephant (shapeshifter) (Vaults:1)
  6 salamanders
  11 elephants
  A stone giant skeleton (D:15)
  4 vault sentinels
  3 guardian serpents (Snake:4)
  2 black mambas (shapeshifter)
  A water nymph (shapeshifter) (D:13)
  46 black mambas
  2 ice statues
  2 guardian serpents (shapeshifter)
  16 naga magi
  2 gargoyles
  5 spectral swamp worms (Depths:1)
  A spiny frog (shapeshifter) (Vaults:1)
  27 spiny frogs
  4 centaur skeletons
  An efreet (D:13)
  An ice devil (Lair:6)
  A komodo dragon (shapeshifter) (Vaults:2)
  12 komodo dragons
  4 rime drakes
  16 freezing wraiths
  A yaktaur (shapeshifter) (Vaults:2)
  A redback zombie (D:15)
  48 yaktaurs
  3 meliai (D:14)
  3 tengu conjurers
  A troll (shapeshifter) (D:14)
  7 polar bears
  5 trolls
  6 tyrant leeches
  A jumping spider (shapeshifter) (D:15)
  Grinder (D:6)
  A harpy skeleton (D:14)
  15 hornets
  A wolf spider simulacrum (IceCv)
  15 hippogriffs
  17 blink frogs
  47 slime creatures
  8 bog bodies
  A spriggan zombie (D:15)
  9 dream sheep
  2 human simulacra
  4 redbacks
  2 spriggans
  2 tarantellas (shapeshifter) (Depths:2)
  A tarantella (Depths:3)
  4 water elementals
  5 air elementals
  5 wraiths
  3 shadows
  A redback (shapeshifter) (Elf:2)
  A yak (shapeshifter) (Vaults:2)
  5 basilisks
  4 hungry ghosts
  A golden eye (shapeshifter) (D:14)
  4 hogs (D:7)
  5 wyverns
  A fire elemental (Elf:1)
  17 humans
  A human (shapeshifter) (Vaults:1)
  A steam dragon (D:15)
  28 yaks
  6 wargs
  A swamp worm (shapeshifter) (Depths:4)
  A naga (shapeshifter) (Vaults:2)
  A death yak simulacrum (IceCv)
  9 insubstantial wisps
  4 vampire mosquitoes (Swamp:4)
  47 nagas
  2 soldier ants
  25 swamp worms
  2 acid dragons
  30 water moccasins
  7 porcupines
  66 orc warriors
  2 tengu skeletons (D:15)
  12 swamp drakes
  3 eyes of draining
  27 ice beasts
  6 sky beasts
  A hornet zombie (D:14)
  13 boggarts
  The ghost of Gaball the Slasher, an amateur DrMo (D:3)
  A phantom (D:14)
  33 ogres
  A boggart (shapeshifter) (Vaults:3)
  An eye of draining (shapeshifter) (Depths:3)
  2 necrophages
  19 centaurs
  6 wolves (Lair:3)
  9 crocodiles
  A big kobold (D:11)
  A gnoll sergeant (D:12)
  18 bullfrogs
  6 earth elementals
  A water moccasin zombie (D:11)
  A scorpion (D:14)
  14 killer bees
  An elephant simulacrum (IceCv)
  14 wights
  5 howler monkeys
  2 electric eels
  5 crimson imps
  A bullfrog zombie (D:12)
  3 draconian simulacra (IceCv)
  17 jellies
  6 hounds
  23 orc priests
  A bullfrog skeleton (D:11)
  19 orc wizards
  Jessica (D:3)
  Natasha (D:2)
  3 iguanas
  A polar bear simulacrum (IceCv)
  12 worker ants
  4 troll simulacra (IceCv)
  2 spriggan simulacra (IceCv)
  5 centaur simulacra (IceCv)
  2 hound zombies (D:11)
  2 hound skeletons
  3 worker ant zombies
  5 gnolls (D:12)
  A howler monkey skeleton (D:6)
  17 adders
  3 naga simulacra (IceCv)
  3 ogre simulacra (IceCv)
  3 shadow imps
  17 white imps
  An adder skeleton (D:4)
  A ball lightning (Vaults:3)
  2 dart slugs
  4 leopard geckos
  152 orcs
  6 giant cockroaches
  10 goblins
  7 hobgoblins
  9 jackals
  13 kobolds
  6 quokkas
  4 ball pythons
  4 bats
  7 frilled lizards
  A jackal skeleton (D:8)
  A quokka skeleton (D:8)
  9 rats
  3 crawling corpses (Elf:3)
  A withered plant (D:15)
1887 creatures vanquished.

Vanquished Creatures (collateral kills)
  Frederick (Depths:3)
  The ghost of zkyp the Warrior, an adept OgBe of Trog (Vaults:3)
  A lich (Depths:3)
  3 nagarajas (Snake:4)
  A deep elf sorcerer (Elf:3)
  A frost giant (Vaults:3)
  An orc warlord (Orc:1)
  A war gargoyle (Vaults:2)
  2 vampire knights (Depths:3)
  3 very ugly things
  A spriggan defender (Depths:3)
  A deep elf demonologist (Vaults:3)
  A deep elf death mage (Elf:3)
  2 ogre magi
  A deep elf high priest (Elf:1)
  A rakshasa (Depths:4)
  An ice dragon (Depths:3)
  A spriggan air mage (Depths:3)
  9 two-headed ogres
  2 dancing weapons
  A spriggan berserker (Depths:3)
  3 deep elf knights
  A glowing orange brain (Vaults:3)
  A wizard (Vaults:2)
  A flayed ghost (Vaults:1)
  2 phantasmal warriors (Vaults:1)
  An orc knight (Vaults:4)
  2 ironbrand convokers (Vaults:3)
  4 deep elf archers
  A necromancer (Depths:2)
  6 deep elf magi
  An orc sorcerer (Elf:1)
  5 ugly things
  2 vault sentinels
  8 yaktaurs
  2 freezing wraiths
  A troll (Vaults:4)
  2 slime creatures (Vaults:1)
  A redback (Vaults:3)
  A fire elemental (Elf:2)
  An acid dragon (Vaults:2)
  3 ogres
  2 orc warriors (Vaults:4)
  An orc wizard (Orc:1)
  3 orc priests
  2 orcs (Elf:1)
93 creatures vanquished.

Vanquished Creatures (others)
  478 ball lightnings
  A tengu conjurer (D:14)
  A water elemental (Elf:1)
  An insubstantial wisp (Swamp:4)
  An orc (D:13)
  14 fungi
  6 plants
  2 withered plants (D:15)
504 creatures vanquished.

Grand Total: 2484 creatures vanquished

Notes
Turn   | Place    | Note
-------+----------+-------------------------------------------
     0 | D:1      | mortelune the Draconian Fire Elementalist began the quest for the Orb.
     0 | D:1      | Reached XP level 1. HP: 14/14 MP: 3/3
   539 | D:1      | Reached XP level 2. HP: 20/20 MP: 0/5
   619 | D:1      | Learned a level 2 spell: Throw Flame
  1940 | D:2      | Reached XP level 3. HP: 26/26 MP: 4/6
  2272 | D:2      | Found a sparkling altar of Nemelex Xobeh.
  2278 | D:2      | Noticed Natasha
  2296 | D:2      | Killed Natasha
  2404 | D:2      | Reached XP level 4. HP: 21/33 MP: 3/8
  2409 | D:2      | Learned a level 3 spell: Conjure Flame
  3079 | D:3      | Noticed Jessica
  3090 | D:3      | Killed Jessica
  3090 | D:3      | Reached XP level 5. HP: 38/38 MP: 5/9
  3268 | D:3      | Noticed Gaball's ghost (amateur DrMo)
  4119 | D:3      | Killed Gaball's ghost
  4345 | D:4      | Reached XP level 6. HP: 42/45 MP: 0/11
  4823 | D:4      | Reached skill level 5 in Conjurations
  5135 | D:4      | Your scales start taking on a fiery red colour.
  5135 | D:4      | Reached skill level 5 in Fire Magic
  5135 | D:4      | Reached XP level 7. HP: 50/50 MP: 10/12
  5135 | D:4      | Gained mutation: Your flesh is heat resistant. (rF+) [Red Draconian growth]
  5141 | D:4      | Learned a level 4 spell: Sticky Flame
  5774 | D:5      | Entered Level 5 of the Dungeon
  6156 | D:5      | Found Xusse's Distillery.
  6164 | D:5      | Bought a potion of resistance for 110 gold pieces
  6164 | D:5      | Bought a potion of heal wounds for 55 gold pieces
  6164 | D:5      | Bought a potion of magic for 88 gold pieces
  6164 | D:5      | Bought a potion of curing for 33 gold pieces
  6729 | D:6      | Found Jupufil's Antique Weapon Shop.
  6807 | D:6      | Noticed Grinder
  6826 | D:6      | Killed Grinder
  6826 | D:6      | Reached skill level 1 in Fighting
  6826 | D:6      | Reached XP level 8. HP: 45/59 MP: 6/15
  8128 | D:6      | Found an ancient bone altar of Kikubaaqudgha.
  8285 | D:7      | Found Hidust's Food Boutique.
  8461 | D:7      | Reached skill level 2 in Fighting
  8644 | D:7      | Found a staircase to the Ecumenical Temple.
  8651 | Temple   | Entered the Ecumenical Temple
  8774 | Temple   | Became a worshipper of Vehumet
  8845 | D:7      | Reached skill level 5 in Spellcasting
  8908 | D:7      | Learned a level 5 spell: Fireball
  8911 | D:7      | Learned a level 2 spell: Blink
  9271 | D:7      | Reached skill level 1 in Translocations
  9282 | D:7      | Reached skill level 3 in Fighting
  9285 | D:7      | Reached XP level 9. HP: 28/69 MP: 0/17
  9997 | D:8      | Reached skill level 4 in Fighting
 10222 | D:8      | Reached * piety under Vehumet
 10222 | D:8      | Offered knowledge of Sandblast by Vehumet.
 10520 | D:8      | Found a staircase to the Lair.
 10700 | D:8      | Noticed a two-headed ogre
 10708 | D:8      | Killed a two-headed ogre
 10708 | D:8      | Reached skill level 5 in Fighting
 10708 | D:8      | Reached XP level 10. HP: 35/81 MP: 11/19
 10953 | D:8      | Found Ceacoeso's Food Shop.
 11073 | D:8      | Found a blossoming altar of Fedhas.
 11582 | D:9      | Found Buall's Food Boutique.
 11619 | D:9      | Found a flagged portal.
 11671 | Bailey   | Entered a bailey
 12287 | Bailey   | Reached skill level 10 in Conjurations
 13119 | Bailey   | Offered knowledge of Shock by Vehumet.
 13349 | Bailey   | Learned a level 1 spell: Shock
 13377 | Bailey   | Noticed an orc knight
 13381 | Bailey   | Reached skill level 6 in Fighting
 13385 | Bailey   | Killed an orc knight
 13385 | Bailey   | Reached ** piety under Vehumet
 13414 | Bailey   | Reached skill level 7 in Fighting
 13414 | Bailey   | Reached skill level 10 in Fire Magic
 13414 | Bailey   | Reached XP level 11. HP: 68/93 MP: 8/23
 13617 | Bailey   | Reached skill level 10 in Fighting
 13617 | Bailey   | Reached skill level 5 in Dodging
 13617 | Bailey   | Reached XP level 12. HP: 106/106 MP: 24/24
 14193 | D:9      | Noticed Erolcha
 14383 | D:9      | Killed Erolcha
 14709 | D:9      | Found a hide-covered altar of Uskayaw.
 14992 | D:9      | Found an iron altar of Okawaru.
 14993 | D:9      | Found a shattered altar of Ashenzari.
 15113 | D:10     | Entered Level 10 of the Dungeon
 15514 | D:10     | Offered knowledge of Searing Ray by Vehumet.
 15659 | D:10     | Paralysed by a hornet for 3 turns
 15665 | D:10     | Reached *** piety under Vehumet
 16649 | D:10     | Found a stormy altar of Qazlal.
 16822 | D:11     | Reached XP level 13. HP: 114/114 MP: 22/25
 17026 | Lair:1   | Entered Level 1 of the Lair of Beasts
 17356 | Lair:1   | Offered knowledge of Olgreb's Toxic Radiance by Vehumet.
 18544 | Lair:2   | Reached **** piety under Vehumet
 19072 | Lair:2   | Reached skill level 11 in Fighting
 19078 | Lair:2   | Offered knowledge of Stone Arrow by Vehumet.
 19486 | Lair:2   | Found a staircase to the Snake Pit.
 20926 | Lair:3   | Found a frozen archway.
 21047 | IceCv    | Entered an ice cave
 21055 | IceCv    | Reached ***** piety under Vehumet
 21083 | IceCv    | Offered knowledge of Lightning Bolt by Vehumet.
 21223 | IceCv    | Learned a level 5 spell: Lightning Bolt
 21913 | IceCv    | Reached skill level 1 in Air Magic
 22333 | IceCv    | Found an ancient bone altar of Kikubaaqudgha.
 23278 | Lair:3   | Noticed Sonja
 23282 | Lair:3   | Killed Sonja
 24329 | Lair:4   | Reached XP level 14. HP: 121/125 MP: 23/27
 24717 | Lair:4   | Offered knowledge of Yara's Violent Unravelling by Vehumet.
 26564 | Lair:4   | Found a staircase to the Swamp.
 26912 | Lair:5   | Reached skill level 10 in Spellcasting
 27187 | Lair:5   | Found the +8 demon blade "Bloodbane" {slice, *Rage +Rage Stlth-}
 27362 | Lair:5   | Reached skill level 12 in Fighting
 28461 | Lair:6   | Entered Level 6 of the Lair of Beasts
 28982 | Lair:6   | Found a staircase to the Slime Pits.
 28996 | Lair:6   | Reached skill level 5 in Air Magic
 31860 | Lair:6   | Got a jewelled long sword
 31862 | Lair:6   | Got an ancient morningstar
 31869 | Lair:6   | Identified the cursed +3 long sword of Maharean {slice, rPois Int+2} (You found it on level 6 of the Lair of Beasts)
 31871 | Lair:6   | Identified the +10 morningstar "Hisaos" {crush, rElec Str-2 Int+4 Dex+6} (You found it on level 6 of the Lair of Beasts)
 32158 | D:11     | Offered knowledge of Bolt of Fire by Vehumet.
 32173 | D:11     | Learned a level 6 spell: Bolt of Fire
 32505 | D:11     | Found Muox's Weapon Boutique.
 32519 | D:11     | Found a staircase to the Orcish Mines.
 32551 | D:11     | Reached skill level 1 in Maces & Flails
 34265 | D:12     | Reached skill level 1 in Shields
 34271 | D:12     | Reached XP level 15. HP: 134/134 MP: 18/29
 36283 | D:13     | Found a gate to the Vaults.
 36283 | D:13     | Noticed Urug
 36919 | D:13     | Offered knowledge of Venom Bolt by Vehumet.
 36921 | D:13     | Killed Urug
 37442 | D:13     | Reached skill level 13 in Fighting
 37446 | D:13     | Noticed Frances
 37455 | D:13     | Killed Frances
 37579 | D:13     | Noticed Nessos
 37584 | D:13     | Killed Nessos
 38129 | Orc:1    | Entered Level 1 of the Orcish Mines
 38220 | Orc:1    | Found a shimmering altar of Xom.
 38327 | Orc:2    | Entered Level 2 of the Orcish Mines
 38327 | Orc:2    | Found a staircase to the Elven Halls.
 38655 | Orc:1    | Reached skill level 5 in Shields
 38655 | Orc:1    | Offered knowledge of Conjure Ball Lightning by Vehumet.
 38663 | Orc:1    | Learned a level 6 spell: Conjure Ball Lightning
 39461 | Orc:2    | Found a roughly hewn altar of Beogh.
 39557 | Orc:2    | Found Senischo's Antique Weapon Emporium.
 39557 | Orc:2    | Found Eboxar's Magic Scroll Shop.
 39559 | Orc:2    | Found Yluoze's General Store.
 39561 | Orc:2    | Found Paxof's Armour Shoppe.
 39765 | Orc:2    | Bought a scroll of teleportation for 51 gold pieces
 39765 | Orc:2    | Bought a scroll of magic mapping for 59 gold pieces
 39767 | Orc:2    | Bought the +1 pair of boots of Card Tricks {+Inv rPois rCorr Dex-4} for 298 gold pieces
 39782 | Orc:2    | Bought the +2 pair of gloves of Birdsong {rF+} for 370 gold pieces
 39936 | Orc:2    | Found a roughly hewn altar of Beogh.
 40748 | Orc:1    | Noticed an orc warlord
 40748 | Orc:1    | Paralysed by an orc sorcerer for 7 turns
 42947 | D:15     | Entered Level 15 of the Dungeon
 43389 | D:15     | Reached XP level 16. HP: 144/144 MP: 31/31
 43397 | D:15     | Found a staircase to the Depths.
 44662 | D:15     | Reached skill level 15 in Conjurations
 45232 | Swamp:1  | Entered Level 1 of the Swamp
 46848 | Swamp:2  | Reached ****** piety under Vehumet
 46907 | Swamp:2  | Offered knowledge of Iron Shot by Vehumet.
 48029 | Swamp:2  | Learned a level 6 spell: Iron Shot
 48716 | Swamp:3  | Reached skill level 14 in Fighting
 50189 | Swamp:4  | Entered Level 4 of the Swamp
 50212 | Swamp:3  | Offered knowledge of Spellforged Servitor by Vehumet.
 51936 | Swamp:4  | Reached skill level 10 in Shields
 52485 | Swamp:4  | Reached XP level 17. HP: 154/154 MP: 15/33
 54050 | Swamp:4  | Got a decaying rune of Zot
 54336 | Swamp:4  | Learned a level 7 spell: Spellforged Servitor
 54522 | Snake:1  | Entered Level 1 of the Snake Pit
 54535 | Snake:1  | Noticed Nikola
 54544 | Snake:1  | Killed Nikola
 54687 | Snake:1  | Noticed Rupert
 54692 | Snake:1  | Reached skill level 1 in Summonings
 54694 | Snake:1  | Paralysed by something for 4 turns
 54701 | Snake:1  | Killed Rupert
 55643 | Snake:1  | Noticed Aizul
 55653 | Snake:1  | Killed Aizul
 56286 | Snake:2  | Reached skill level 15 in Fighting
 56372 | Snake:2  | Noticed p0werm0de's ghost (journeyman DDFi)
 57272 | Snake:2  | Killed p0werm0de's ghost
 57586 | Snake:2  | Found a runed gate.
 57586 | Snake:2  | Found a runed gate.
 57586 | Snake:2  | Found a runed gate.
 58562 | Snake:3  | Noticed p0werm0de's ghost (journeyman DDFi)
 59013 | Snake:3  | Reached XP level 18. HP: 163/163 MP: 30/35
 60065 | Snake:3  | Killed p0werm0de's ghost
 60065 | Snake:3  | Reached skill level 5 in Summonings
 60407 | Snake:3  | Offered knowledge of Fire Storm by Vehumet.
 60407 | Snake:3  | Offered knowledge of Glaciate by Vehumet.
 60407 | Snake:3  | Offered knowledge of Chain Lightning by Vehumet.
 61217 | Snake:4  | Entered Level 4 of the Snake Pit
 64208 | Snake:4  | Noticed Bai Suzhen
 64458 | Snake:4  | Killed Bai Suzhen
 64458 | Snake:4  | Reached skill level 16 in Fighting
 66124 | Snake:4  | Got a serpentine rune of Zot
 66488 | Vaults:1 | Entered Level 1 of the Vaults
 67148 | Vaults:1 | Reached XP level 19. HP: 120/172 MP: 9/36
 70685 | Vaults:2 | Reached skill level 15 in Shields
 72883 | Vaults:2 | Reached skill level 17 in Fighting
 73184 | Vaults:2 | Found a staircase to the Crypt.
 74362 | Vaults:3 | Noticed zkyp's ghost (adept OgBe)
 74921 | Vaults:3 | Reached XP level 20. HP: 184/184 MP: 0/38
 76045 | Vaults:3 | Killed zkyp's ghost
 76713 | Vaults:3 | Got a polished plate armour
 76714 | Vaults:3 | Identified the cursed +0 plate armour of Honour {*Drain +Fly rElec Stlth+} (You found it on level 3 of the Vaults)
 78706 | Vaults:3 | Reached skill level 15 in Spellcasting
 79161 | Vaults:4 | Found Uforruj's Magic Scroll Boutique.
 80980 | Vaults:4 | Bought a scroll of teleportation for 48 gold pieces
 80980 | Vaults:4 | Bought a scroll of acquirement for 832 gold pieces
 80989 | Vaults:4 | Got a slimy bone amulet
 80992 | Vaults:4 | Identified the amulet "Yshilyott" {Harm *Drain Int+3} (You acquired it on level 4 of the Vaults)
 81940 | Elf:1    | Entered Level 1 of the Elven Halls
 82147 | Elf:1    | Got a warped tin ring
 82148 | Elf:1    | Identified the ring of Puras {rF+ Stlth+} (You acquired it on level 1 of the Elven Halls)
 82155 | Elf:1    | Got a pair of ancient gloves
 82166 | Elf:1    | Identified the -3 pair of gloves "Ylam" {rPois Dex+3} (You acquired it on level 1 of the Elven Halls)
 82844 | Elf:1    | Reached XP level 21. HP: 192/193 MP: 26/40
 83794 | Elf:2    | Reached skill level 18 in Fighting
 84714 | Elf:2    | Found a runed gate.
 84715 | Elf:2    | Found a runed gate.
 84716 | Elf:2    | Found a runed gate.
 86224 | Elf:3    | Entered Level 3 of the Elven Halls
 86318 | Elf:3    | Found Jureqeh's Magic Scroll Emporium.
 86356 | Elf:3    | Bought a scroll of fear for 66 gold pieces
 86356 | Elf:3    | Bought a scroll of teleportation for 57 gold pieces
 86356 | Elf:3    | Bought a scroll of enchant armour for 142 gold pieces
 86356 | Elf:3    | Bought a scroll of teleportation for 57 gold pieces
 87416 | Elf:3    | Reached skill level 15 in Fire Magic
 87634 | Elf:3    | Reached skill level 10 in Dodging
 90018 | Elf:3    | Identified the Incunabulum of Flight and the Blaze
 90020 | Elf:3    | Identified the Catalogue of the Glacier
 90044 | Elf:3    | Found the +6 arbalest "Damnation" {damnation}
 90087 | Elf:3    | Got a pair of brightly glowing gloves
 90098 | Elf:3    | Identified the -3 pair of gloves of Trial and Error {rN++} (You found it on level 3 of the Elven Halls)
 90166 | Elf:3    | Got a steaming arbalest
 90167 | Elf:3    | Identified the +1 arbalest of Urgency {flame, rC+ SInv} (You found it on level 3 of the Elven Halls)
 90561 | Elf:3    | Got a crude quarterstaff {vamp}
 90562 | Elf:3    | Identified the +4 quarterstaff of Painful Death {vamp, *Noise +Fly Dex+8 Stlth-} (You took it off a deep elf sorcerer on level 3 of the Elven Halls)
 90573 | Elf:3    | Learned a level 8 spell: Chain Lightning
 90853 | Depths:1 | Entered Level 1 of the Depths
 91283 | Depths:1 | Found a gateway to Hell.
 92057 | Depths:1 | Reached XP level 22. HP: 203/203 MP: 27/41
 93438 | Depths:2 | Reached skill level 10 in Air Magic
 93843 | Depths:2 | Learned a level 4 spell: Summon Lightning Spire
 93845 | Depths:2 | Got a brightly glowing rapier
 93846 | Depths:2 | Identified the cursed +1 rapier "Xeseficza" {pierce, *Noise +Blink rF++ Str-3} (You found it on level 2 of the Depths)
 93883 | Depths:2 | Noticed a golden dragon
 93887 | Depths:2 | Killed a golden dragon
 94229 | Depths:2 | Noticed a golden dragon
 94233 | Depths:2 | Killed a golden dragon
 94645 | Depths:2 | Got a pair of faintly humming boots
 94656 | Depths:2 | Identified the cursed +0 pair of boots "Inlen" {*Slow Str+6} (You found it on level 2 of the Depths)
 94927 | Depths:2 | Identified Geadwyr's Collected Works on Excruciating Displacement
 95650 | Depths:3 | Found a flickering gateway to a bazaar.
 95661 | Bazaar   | Entered a bazaar
 95661 | Bazaar   | Found Muluf's Antique Weapon Emporium.
 95661 | Bazaar   | Found Dianiguz's Gadget Emporium.
 95762 | Bazaar   | Found Imamn's Antique Armour Shoppe.
 95770 | Bazaar   | Found Vadimp's General Store.
 95778 | Bazaar   | Bought a potion of curing for 36 gold pieces
 95778 | Bazaar   | Bought a potion of haste for 120 gold pieces
 95781 | Bazaar   | Found Vaixzuff's Distillery.
 95789 | Bazaar   | Bought 2 potions of curing for 60 gold pieces
 95789 | Bazaar   | Bought a potion of haste for 100 gold pieces
 95789 | Bazaar   | Bought a potion of curing for 30 gold pieces
 95789 | Bazaar   | Bought a potion of curing for 30 gold pieces
 95789 | Bazaar   | Bought a potion of curing for 30 gold pieces
 96232 | Depths:3 | Found a one-way gate leading to the halls of Pandemonium.
 96544 | Depths:3 | Noticed Frederick
 96545 | Depths:3 | Noticed a golden dragon
 96553 | Depths:3 | Killed Frederick
 96783 | Depths:3 | Reached skill level 19 in Fighting
 96940 | Depths:3 | Identified the Collected Works on Poison
 97373 | Depths:3 | Killed a golden dragon
 97421 | Depths:3 | HP: 7/205 [titan/the air (28)]
 99825 | Depths:4 | Noticed a caustic shrike
 99834 | Depths:3 | Killed a caustic shrike
100434 | Depths:4 | Found a one-way gate to the infinite horrors of the Abyss.
100848 | Depths:4 | Reached XP level 23. HP: 186/213 MP: 28/43
102523 | Depths:3 | Got a bloodstained morningstar {flame}
102524 | Depths:3 | Identified the cursed +1 morningstar "Bocaishrus" {flame, rElec Str+7 Dex+2} (You took it off a spriggan air mage on level 3 of the Depths)
102990 | Depths:4 | Got a slimy turquoise ring
104716 | Depths:4 | Identified the ring "Xeupsez" {Str+4 Dex-4 SInv} (You took it off a boggart on level 4 of the Depths)
105028 | Depths:4 | Noticed an ancient lich
105051 | Depths:4 | Killed from afar by an Ice Fiend

Skill      XL: |  1  2  3  4  5  6  7  8  9 10 11 12 13 14 15 16 17 18 19 20 21 22 |
---------------+-------------------------------------------------------------------+-----
Conjurations   | 2 3 4 5 6 7 9 11 12 13 14 15 16 17 | 17.7
Spellcasting   | 3 4 5 6 8 9 10 11 12 13 14 15 16 | 16.6
Fire Magic     | 4 5 6 7 8 10 11 12 13 14 15 16 | 16.8
Fighting       | 1 3 5 7 10 11 12 13 14 15 16 17 18 19 | 19.4
Translocations | 2 3 |  3.0
Dodging        | 5 7 8 9 10 11 | 11.8
Air Magic      | 2 5 6 8 9 11 | 11.5
Maces & Flails | 1 |  1.1
Shields        | 1 6 10 12 14 16 | 16.6
Summonings     | 4 7 9 |  9.9
Stealth        | |  1.7

Action                   |  1- 3 |  4- 6 |  7- 9 | 10-12 | 13-15 | 16-18 | 19-21 | 22-24 || total
-------------------------+-------+-------+-------+-------+-------+-------+-------+-------++-------
Melee: Short sword       |     4 |    20 |       |       |       |       |       |       ||    24
       Tailslap          |     2 |       |       |       |     1 |     7 |     4 |    11 ||    25
       Hand axe          |       |       |     2 |       |       |       |       |       ||     2
       Morningstar       |       |       |       |     2 |    20 |    71 |    79 |    83 ||   255
       Staff             |       |       |       |       |     2 |     2 |       |       ||     4
 Cast: Flame Tongue      |    45 |    93 |   179 |   135 |   406 |    47 |    17 |     9 ||   931
       Throw Flame       |    17 |    21 |    42 |    31 |       |       |       |       ||   111
       Conjure Flame     |       |     3 |     9 |    10 |     5 |     3 |     1 |     1 ||    32
       Sticky Flame      |       |       |    12 |    22 |   161 |    53 |    26 |    12 ||   286
       Fireball          |       |       |     5 |    46 |   379 |   277 |   282 |    49 ||  1038
       Shock             |       |       |       |    30 |    91 |       |       |       ||   121
       Blink             |       |       |       |       |    39 |    23 |     6 |     6 ||    74
       Lightning Bolt    |       |       |       |       |    19 |    13 |       |       ||    32
       Bolt of Fire      |       |       |       |       |   141 |   322 |   302 |   163 ||   928
       Conjure Ball Ligh |       |       |       |       |     9 |    66 |    39 |    13 ||   127
       Iron Shot         |       |       |       |       |       |    72 |   206 |   137 ||   415
       Spellforged Servi |       |       |       |       |       |     4 |    33 |    14 ||    51
       Chain Lightning   |       |       |       |       |       |       |       |    19 ||    19
       Summon Lightning  |       |       |       |       |       |       |       |     4 ||     4
 Abil: Breathe Fire      |       |       |     1 |       |     1 |     1 |       |       ||     3
Evoke: Wand              |       |       |       |       |       |       |     5 |       ||     5
  Use: Scroll            |       |     7 |     3 |     1 |    22 |    16 |    16 |    11 ||    76
       Potion            |       |       |       |     2 |     6 |     4 |     1 |     6 ||    19
 Stab: Distracted        |       |       |       |       |       |     1 |       |       ||     1
  Eat: Chunk             |     3 |    10 |    29 |    18 |   140 |    70 |   129 |    41 ||   440
       Ration            |     1 |       |       |     2 |     9 |    17 |     9 |     4 ||    42
Armor: Skin              |     7 |    17 |    12 |    18 |   156 |    97 |    97 |    82 ||   486
Dodge: Dodged            |    22 |    37 |    30 |    61 |   290 |   206 |   159 |   140 ||   945
Block: Shield            |       |       |       |       |    63 |   202 |   248 |   176 ||   689
